 Dungeon Crawl Stone Soup version 0.16-a0-3153-gc6d0c83 (webtiles) character file.

69 Chiseanne the Skirmisher (level 4, -8/50 HPs)
             Began as an Ogre Wanderer on Dec 15, 2014.
             Mangled by Sigmund
             ... wielding a +3 scythe of flaming
              (13 damage)
             ... on level 2 of the Dungeon.
             The game lasted 00:05:37 (1961 turns).

Chiseanne the Skirmisher (Ogre Wanderer)            Turns: 1961, Time: 00:05:37

Health: -8/50      AC:  3    Str: 18    XL:     4   Next: 20%
Magic:  4/4        EV: 14    Int: 10    God:
Gold:   30         SH:  0    Dex: 15    Spells: 0 memorised, 3 levels left

rFire  + . .     SeeInvis .     a - +2 mace
rCold  . . .     Clarity  .     c - +0 robe
rNeg   . . .     SustAb   .     (shield restricted)
rPois  .         Gourm    .     (helmet restricted)
rElec  .         Spirit   .     (no cloak)
rCorr  .         Warding  .     (gloves unavailable)
rMut   .         Stasis   .     (boots unavailable)
MR     .....                    (no amulet)
Stlth  ++........               (no ring)
                                k - ring of protection from fire

@: agile, not resistant to hostile enchantments, unstealthy
A: unfitting armour, tough skin 1
a: no special abilities


You were on level 2 of the Dungeon.
You were not hungry.

You visited 1 branch of the dungeon, and saw 2 of its levels.

You collected 30 gold pieces.

Inventory:

Hand weapons
 a - a +2 mace (weapon)
Missiles
 e - 17 arrows
 f - 11 arrows of frost
 g - 29 stones (quivered)
 h - 54 sling bullets
Armour
 c - a +0 robe (worn)
Jewellery
 k - a ring of protection from fire (left hand)
Scrolls
 j - a scroll of remove curse
Potions
 b - 4 potions of curing
 i - 2 potions of brilliance
 l - a potion of cure mutation
 m - a potion of cancellation
Comestibles
 d - 3 meat rations
 n - a slice of pizza


   Skills:
 * Level 5.1 Fighting
 * Level 4.9 Maces & Flails
 * Level 1.9 Throwing
 * Level 1.0 Dodging
 - Level 1.7 Unarmed Combat
   Level 1.0 Evocations


You had 3 spell levels left.
You didn't know any spells.

Dungeon Overview and Level Annotations

Branches:
Dungeon (2/15)

Altars:

Annotations:
D:2 Sigmund


Innate Abilities, Weirdness & Mutations

You are too large for most types of armour.
You have tough skin (AC +1).


Message History

A bat comes into view.
You hit Sigmund.
Sigmund is moderately wounded.
Sigmund completely misses you.
You closely miss Sigmund.
Sigmund is moderately wounded.
Sigmund gestures wildly while chanting.
Sigmund flickers and vanishes!
Deactivating autopickup; reactivate with Ctrl-A.
You hit something.
The kobold throws a stone.
The stone barely misses you. Something barely misses you.
You hit something. Something hits you! Something burns you.
You hit something. Something hits you! Something burns you.
You completely miss something. You hit something. Something hits you!
* * * LOW HITPOINT WARNING * * *
Something burns you.
* * * LOW HITPOINT WARNING * * *
You hit something. Something hits you!
You die...

.....######.........####
.....'....'.........'...
.....######.........###
.....# #.........#
.....# #.........#
.....# ######'####
###### #.# ###### #.#
#..[.# #@# ########....#
#..{Kgr<...
.......'....# #..##gb...
......##....# #..# ....
......##....# #..# ...
......##....# #... .
......##....####.#
......####....##.#
......# #.##.##.#


You could see 2 goblins, a bat, a kobold and a rat.

Vanquished Creatures
  An adder (D:2)
  2 worms (D:2)
  A giant gecko (D:2)
  5 hobgoblins
  6 jackals
  3 kobolds
  A quokka (D:2)
  A ball python (D:1)
  6 bats
  A giant cockroach (D:1)
  A giant newt (D:1)
  10 goblins
  7 rats
45 creatures vanquished.

Notes
Turn   | Place    | Note
--------------------------------------------------------------
     0 | D:1      | Chiseanne, the Ogre Wanderer, began the quest for the Orb.
     0 | D:1      | Chiseanne set off with: a +2 mace, 2 potions of curing, a +0 robe, a meat ration
     0 | D:1      | Reached XP level 1. HP: 24/24 MP: 1/1
    88 | D:1      | Reached XP level 2. HP: 20/33 MP: 2/2
   525 | D:1      | Reached XP level 3. HP: 33/40 MP: 3/3
  1310 | D:2      | Reached skill level 1 in Dodging
  1633 | D:2      | Reached skill level 5 in Fighting
  1675 | D:2      | Reached XP level 4. HP: 35/50 MP: 4/4
  1945 | D:2      | Noticed Sigmund
  1961 | D:2      | Mangled by Sigmund

Action                   |  1- 3 |  4- 6 || total
-------------------------+-------+-------++-------
Melee: Mace              |    93 |    28 ||   121
  Use: Scroll            |     6 |     1 ||     7
       Potion            |       |     2 ||     2
  Eat: Chunk             |     2 |     1 ||     3
